Map: Old Sun Temple LE

Players

RipNHammer - Winner!

  • Race: Terran Terran
  • League: Master
  • Spawn Location: 7:00

Hwudaman

  • Race: Zerg Zerg
  • League: Master
  • Spawn Location: 1:00

VOD

Have the link to the VOD?

Description

Time

  • Played on: Sept. 8, 2026, 6:35 p.m.
  • Length: 9:49
Show
View Real Time Build Order
Export as new Build Order

RipNHammer Terran - Winner!

Build Orders: Reaper Expand, Mech 

Get SALT Encoding   

  8  0:00  SCV  
  9  0:12  SCV  
  10  0:24  SCV  
  11  0:36  SCV  
  11  0:40  Supply Depot  
  12  0:49  SCV  
  13  0:54  Refinery  
  13  1:01  SCV  
  14  1:06  Barracks  
  14  1:14  SCV  
  15  1:26  SCV  
  16  1:38  SCV  
  17  1:52  Orbital Command  
  17  1:53  Reaper  
  18  2:03  Command Center  
  18  2:18  SCV  
  19  2:28  Factory  
  19  2:31  SCV  
  19  2:34  Barracks Reactor  
  19  2:36  Refinery  
  20  2:42  Supply Depot  
  20  2:44  SCV  
  21  3:04  SCV  
  22  3:17  Starport  
  22  3:18  SCV  
  23  3:30  SCV  
  23  3:32  Hellion x2  
  28  3:36  Orbital Command  
  28  3:42  SCV  
  29  3:53  Hellion x2  
  33  4:00  Viking  
  33  4:02  SCV x2  
  37  4:08  Supply Depot  
  37  4:14  SCV x2  
  39  4:23  Hellion  
  41  4:26  SCV  
  41  4:29  Supply Depot  
  41  4:30  Hellion  
  44  4:38  SCV x2  
  44  4:40  Starport Tech Lab  
  44  4:45  Supply Depot, Command Center  
  46  4:50  SCV  
  46  4:51  SCV, Supply Depot  
  50  5:01  Banshee  
  50  5:03  SCV x2  
  50  5:05  Cloaking Field  
  55  5:18  SCV  
  56  5:21  SCV  
  56  5:23  Refinery  
  56  5:27  Refinery  
  57  5:31  SCV, Widow Mine x2  
  60  5:41  SCV  
  61  5:43  SCV  
  61  5:44  Banshee, Factory  
  65  5:54  SCV, Widow Mine x2  
  65  5:55  SCV  
  67  6:15  Marine, Widow Mine  
  67  6:16  Widow Mine  
  66  6:29  Banshee  
  59  7:00  Hellion x2  
  63  7:02  Orbital Command  
  63  7:15  Supply Depot  
  63  7:18  SCV  
  63  7:19  Supply Depot  
  63  7:21  Hellion  
  62  7:30  SCV  
  62  7:34  Refinery x2  
  63  7:37  SCV  
  63  7:38  Factory  
  63  7:40  Factory  
  63  7:42  SCV  
  65  7:45  Supply Depot  
  65  7:47  Supply Depot  
  65  7:48  Supply Depot  
  65  7:49  SCV  
  65  7:51  Siege Tank  
  69  7:55  SCV  
  69  8:06  SCV  
  69  8:07  SCV, Hellion  
  69  8:08  Hellion  
  75  8:23  Siege Tank  
  78  8:31  Factory Tech Lab x2  
  82  8:34  Hellion x2, SCV x2  
  81  8:57  Cyclone x2  
  81  8:58  Hellion x2  
  91  9:19  SCV x2  
  93  9:25  Engineering Bay  
  93  9:26  Supply Depot  
  93  9:30  Refinery  
  103  9:42  Supply Depot x2  
Show
View Real Time Build Order
Export as new Build Order

Hwudaman Zerg 

Build Orders: Hatch First 

Get SALT Encoding   

  8  0:01  Drone  
  9  0:12  Drone  
  10  0:16  Drone  
  11  0:24  Drone  
  12  0:31  Extractor, Drone  
  13  0:39  Overlord  
  13  0:58  Drone x2  
  13  1:02  Drone  
  16  1:12  Drone  
  17  1:20  Hatchery  
  17  1:24  Drone  
  17  1:38  Spawning Pool  
  17  1:39  Drone  
  17  1:43  Drone  
  17  1:46  Extractor  
  17  1:55  Drone  
  18  2:06  Overlord  
  18  2:14  Drone  
  19  2:25  Queen  
  19  2:26  Drone  
  22  2:31  Queen  
  22  2:32  Zergling x4  
  26  2:41  Drone  
  27  2:44  Drone  
  28  2:54  Drone  
  28  2:55  Drone  
  30  3:01  Drone  
  30  3:03  Drone  
  31  3:21  Overlord, Drone  
  31  3:26  Hatchery  
  31  3:30  Drone  
  31  3:31  Metabolic Boost  
  32  3:38  Overlord  
  32  3:40  Queen  
  34  3:41  Drone  
  34  3:42  Drone x3  
  38  3:50  Drone x2  
  41  4:02  Drone  
  41  4:04  Zergling x2, Drone  
  41  4:05  Drone  
  41  4:08  Roach Warren, Drone  
  44  4:32  Overlord x3  
  44  4:33  Overlord x2  
  44  5:03  Roach  
  44  5:04  Roach x2  
  44  5:05  Roach x7  
  44  5:06  Roach  
  66  5:19  Overlord x2  
  66  5:24  Zergling x6  
  66  5:25  Zergling x4  
  71  5:34  Zergling x2  
  71  5:35  Zergling x4  
  74  5:40  Zergling x6  
  77  5:48  Zergling x2  
  78  5:52  Lair  
  77  5:57  Zergling x4  
  77  5:58  Zergling x8  
  75  6:09  Zergling x6  
  52  6:34  Drone x4  
  52  6:38  Queen  
  52  6:39  Queen  
  39  6:52  Hatchery  
  31  6:54  Drone x6  
  31  6:59  Drone  
  31  7:00  Drone x4  
  35  7:14  Drone  
  33  7:18  Drone  
  33  7:22  Drone x3  
  35  7:23  Drone  
  36  7:35  Drone x3  
  39  7:40  Spore Crawler  
  39  7:41  Spore Crawler  
  37  7:45  Spore Crawler  
  37  7:48  Drone x3  
  35  8:00  Overseer  
  34  8:07  Drone x4  
  34  8:21  Drone x3, Queen  
  37  8:34  Drone x3  
  38  8:46  Drone  
  38  8:47  Drone x3  
  39  9:03  Drone x8  
  39  9:08  Drone  
  39  9:09  Drone  
  49  9:10  Drone x2  
  49  9:14  Drone x3  
  54  9:18  Drone x2  
  56  9:27  Drone x6  
  62  9:41  Extractor  
Tags
 
Composition
Mech
Matchup
TvZ
Replay Pack
RipNHammer
Spawn Locations
Cross Positions
Add a new tag
Caveats
  • Supply blocks, unpowered buildings, or Contaminate may cause inaccurate times.
  • Supply counts are checked every 10 seconds.